 Dungeon Crawl Stone Soup version 0.13-a0-3110-gf6e36dc (console) character file.

99620 electriceye the Executioner (level 16, -9/109 HPs)
             Began as a Human Berserker on Sept 19, 2013.
             Was a High Priest of Trog.
             Shot with a poisoned arrow by a centaur warrior (25 damage)
             ... on Level 18 of the Dungeon on Sept 21, 2013.
             The game lasted 04:32:56 (34657 turns).

electriceye the Executioner (Human Berserker)      Turns: 34657, Time: 04:32:56

HP  -9/109       AC 26     Str 23      XL: 16   Next: 67%
MP  15/15        EV  8     Int 13      God: Trog [*****.]
Gold 2931        SH  0     Dex 17      Spells:  0 memorised, 15 levels left

Res.Fire  : . . .   See Invis. : .   a - +5,+4 battleaxe (elec)
Res.Cold  : . . .   Warding    : .   w - +1 orc plate armour {MR+}
Life Prot.: . . .   Conserve   : +   (no shield)
Res.Poison: .       Res.Corr.  : .   z - +0 helmet
Res.Elec. : .       Clarity    : .   o - +2 cloak (curse)
Sust.Abil.: . .     Spirit.Shd : .   j - +1 pair of gloves of Liacrimn {Str+2 Acc+5 Res.Mut. : . Stasis : . N - +0 pair of boots {Fly} Res.Rott. : . Flight : + f - amulet of conservation Saprovore : . . . J - ring of Gredismu {Str+2 Int+4} v - ring of sustenance

@: regenerating, flying, mildly poisoned, very slightly contaminated, hasted,
very quick, extremely resistant to hostile enchantments, extremely unstealthy
A: no striking features
a: Burn Spellbooks, Berserk, Trog's Hand, Brothers in Arms, Renounce Religion,
Stop Flying


You were on level 18 of the Dungeon.
You worshipped Trog.
Trog was exalted by your worship.
You were not hungry.

You visited 3 branches of the dungeon, and saw 30 of its levels.
You also visited: Sewer.

You collected 2942 gold pieces.
You spent 31 gold pieces at shops.

Inventory:

Hand weapons
 a - a +5,+4 battleaxe of electrocution (weapon)
 b - a +4,+8 dwarven anti-magic executioner's axe
 g - a +0,+4 demon whip of draining
 t - the +3,+4 battleaxe of the Eight Wonders {holy, MR++ SInv}
   (Trog gifted it to you on level 12 of the Dungeon)

   It has been blessed by the Shining One to cause great damage to the undead
   and demons.
   It affects your resistance to hostile enchantments.
   It enhances your eyesight.
 V - the -2,+13 battleaxe "Klymp" {antimagic, rN+}
   (Trog gifted it to you on level 7 of the Lair of Beasts)

   It disrupts the flow of magical energy around spellcasters and certain
   magical creatures (including the wielder).
   It protects you from negative energy.
Missiles
 i - 22 stones
 A - 4 javelins (quivered)
Armour
 j - the +1 pair of gloves of Liacrimn (worn) {Str+2 Acc+5 Dam+3}
   (You found it on level 4 of the Dungeon)

   It affects your strength (+2).
   It affects your accuracy (+5).
   It affects your damage-dealing abilities (+3).
 o - a cursed +2 cloak (worn)
 w - a +1 orcish plate armour of magic resistance (worn)
 z - a +0 helmet (worn)
 N - a +0 pair of boots of flying (worn)
Magical devices
 e - a wand of digging (7)
 r - a wand of frost (3)
 y - a wand of disintegration (5)
 G - a wand of flame (0)
 I - a wand of digging (7)
 K - a wand of confusion (7)
 P - a wand of polymorph (6)
 R - a wand of draining (0)
 X - a wand of random effects (10)
 Z - a wand of paralysis (12)
Comestibles
 c - 5 bread rations
 q - 6 meat rations
 D - 6 chunks of griffon flesh
 Q - 2 apples
 U - 4 chokos
 W - 2 honeycombs
Scrolls
 d - a scroll of fear
 l - 2 scrolls of identify
 s - 7 scrolls of remove curse
 u - a scroll of summoning
 x - 7 scrolls of teleportation
 B - a scroll of magic mapping
 E - a scroll of silence
Jewellery
 f - an amulet of conservation (around neck)
 h - an uncursed ring of fire
 k - an uncursed ring of ice
 n - an uncursed amulet of resist mutation
 v - a ring of sustenance (left hand)
 J - the ring of Gredismu (right hand) {Str+2 Int+4}
   (You found it on level 16 of the Dungeon)

   [ring of strength]

   It affects your strength (+2).
   It affects your intelligence (+4).
 L - an uncursed ring of sustain abilities
Potions
 m - 2 potions of invisibility
 p - 2 potions of speed
 C - 2 potions of restore abilities
 F - a potion of brilliance
 H - 4 potions of curing
 M - 3 potions of agility
 T - a potion of might


   Skills:
 - Level 4.4 Fighting
 + Level 21.6 Axes
 * Level 12.7 Armour
 - Level 9.3 Dodging


You had 15 spell levels left.
You didn't know any spells.

Dungeon Overview and Level Annotations

Branches:
Dungeon (18/27)            Temple (0/1) D:7             Orc (4/4) D:9
    Elf (0/3) Orc:3          Lair (8/8) D:9           Swamp (0/5) Lair:3
 Spider (0/5) Lair:6        Slime (0/6) Lair:7       Vaults (0/5) D:15

Altars:
Elyvilon
Fedhas
Kikubaaqudgha
Nemelex Xobeh
Okawaru
Sif Muna
Trog
Vehumet
Xom
Zin
the Shining One
Jiyva

Shops:
D:4 %   Orc:1 *   Orc:4 [=([

Annotations:
D:17 exclusion: oklob plant, Nessos
Lair:1 exclusion: 4 oklob plants
Lair:2 exclusion: ice statue, Gastronok


Message History

Use which ability? (? or * to list)
Your iron troll goes berserk!
You feel somewhat more hungry.
Found a potion of restore abilities.
Your iron troll bites the stone giant skeleton!
The stone giant skeleton is destroyed!
A slime creature comes into view.
The slime creature quivers.
The centaur warrior shoots a poisoned arrow.
The poisoned arrow hits you!
You are poisoned.
* * * LOW HITPOINT WARNING * * *
Found 13 darts of dispersal.
You see here a poisoned arrow.
Drink which item? (? for menu, Esc to quit)
You feel better.
The centaur warrior shoots a poisoned arrow.
The poisoned arrow hits you!
You are poisoned.
You die...

..( ... ...... ......#
..J...# #..c..# #......#
#.....# #......# #....c#
#......+ #.....#
#......# #.....+
#......# #.....#
#.....@######.(...#####
#............c.........
#.........T............
..............).<.......
........................
.......................
..!...................
...............####+#
..##+###......#


You could see a slime creature, a centaur warrior and a friendly iron troll
(berserk).

Vanquished Creatures
  A deep elf sorcerer (D:16)
  Donald (Orc:4)
  A vault guard (D:15)
  Fannar (Lair:4)
  Josephine (Orc:3)
  5 hydras
  An ogre mage (D:16)
  4 orc high priests (Orc:4)
  5 death yaks
  4 centaur warriors
  A catoblepas (Lair:8)
  A fire crab (shapeshifter) (D:18)
  2 unseen horrors
  7 hill giants
  18 humans (D:15)
  6 orc sorcerers (Orc:4)
  5 orc knights
  3 wizards (D:15)
  A wolf spider (D:15)
  4 griffons
  3 cyclopes
  A spiny worm (Lair:8)
  Maurice (D:8)
  8 elephants
  20 slime creatures
  4 black mambas
  An item mimic (D:11)
  A fire drake (Lair:3)
  A feature mimic (D:15)
  6 spiny frogs
  An iron devil (D:16)
  4 trolls
  2 two-headed ogres (D:15)
  4 polar bears (Lair:2)
  8 komodo dragons
  A boulder beetle (D:17)
  2 grizzly bears (D:15)
  2 trapdoor spider zombies
  A wyvern (Lair:8)
  A basilisk (D:15)
  18 blink frogs
  A redback (Lair:6)
  2 trapdoor spiders
  3 water elementals
  2 hungry ghosts (D:15)
  21 ugly things
  A vampire (D:13)
  55 yaks
  A hill giant zombie (D:13)
  3 sharks
  11 hippogriffs
  A shadow (D:14)
  Eustachio (D:6)
  3 wraiths
  2 elephant slugs
  Grum (D:8)
  A merfolk (D:11)
  A steam dragon (Lair:7)
  A rock worm (Lair:8)
  11 vampire mosquitoes
  A deep elf fighter (D:11)
  A hill giant skeleton (D:16)
  3 wolves
  4 necrophages
  Edmund (D:8)
  2 mottled dragons (D:15)
  A soldier ant (D:16)
  4 manticores
  5 porcupines
  A phantom (D:10)
  3 giant goldfish
  18 orc warriors
  3 sky beasts
  8 ice beasts
  29 ogres
  12 big kobolds
  A naga (D:11)
  An elf skeleton (D:7)
  15 crocodiles
  29 centaurs
  5 giant slugs
  A warg (Orc:3)
  Blork the orc (D:8)
  18 water moccasins
  6 agate snails
  17 giant frogs
  2 troll zombies (D:15)
  A yak zombie (D:11)
  A wyvern skeleton (D:14)
  2 cyclops skeletons
  2 manticore skeletons
  6 jellyfish
  4 killer bees (D:11)
  2 yak skeletons
  A vampire bat (D:4)
  A troll skeleton (D:7)
  5 crimson imps
  A giant frog zombie (D:8)
  A big fish (D:9)
  5 goliath beetles
  A quasit (D:7)
  2 sirens
  A centaur skeleton (D:7)
  A giant frog skeleton (D:10)
  37 orc wizards
  3 hounds
  3 jellies
  28 orc priests
  A two-headed ogre skeleton (D:14)
  A water moccasin skeleton (D:8)
  8 iguanas
  A mermaid (Sewer)
  8 scorpions
  3 orange rats (Lair:5)
  6 worker ants
  An ogre zombie (D:8)
  7 sheep (Lair:8)
  A big kobold zombie (D:12)
  An ogre skeleton (D:4)
  2 hound zombies
  A mummy (D:11)
  A worker ant zombie (D:7)
  3 gnolls (Orc:4)
  A lemure (D:6)
  18 adders
  7 giant centipedes
  7 giant mites
  30 green rats
  8 worms
  A goliath beetle zombie (D:5)
  3 white imps (Lair:2)
  4 human zombies (D:7)
  An adder skeleton (D:6)
  4 grey rats
  An iguana skeleton (D:9)
  A giant eyeball (D:4)
  9 giant geckos
  2 oozes
  148 orcs
  2 spectral bats (D:4)
  6 ball pythons
  3 bat skeletons (D:4)
  A bat zombie (D:4)
  3 fire bats (D:4)
  7 giant cockroaches
  26 hobgoblins
  22 jackals
  42 kobolds
  11 quokkas
  31 bats
  A bat simulacrum (D:4)
  9 giant newts
  23 goblins
  A hobgoblin simulacrum (Orc:3)
  A hobgoblin skeleton (Orc:3)
  2 human skeletons (D:7)
  A kobold skeleton (D:4)
  2 kobold zombies
  2 orc simulacra (Orc:3)
  2 orc skeletons
  41 rats
  3 ballistomycetes
  5 fungi
  9 plants
1130 creatures vanquished.

Vanquished Creatures (collateral kills)
  Agnes (D:15)
  7 hydras
  Pikel (D:6)
  A cyclops (D:15)
  A stone giant skeleton (D:18)
  A komodo dragon (Lair:6)
  Prince Ribbit (D:5)
  A hippogriff (Lair:1)
  An orc warrior (D:7)
  A human zombie (D:7)
  2 crocodiles
  An agate snail (Lair:8)
  A wight (D:7)
  An iguana (Lair:1)
  A worker ant (D:6)
  A giant gecko (Lair:1)
  A jackal (Lair:2)
24 creatures vanquished.

Vanquished Creatures (others)
  A deep troll (D:17)
  A troll (Lair:8)
  2 ogres
  An electric eel (Lair:3)
  An orc priest (D:8)
  A hound (D:8)
  2 worker ants (D:8)
  A giant centipede (Lair:3)
  A quokka (D:8)
  2 giant spores
  13 fungi
  13 plants
39 creatures vanquished.

Grand Total: 1193 creatures vanquished

Notes
Turn   | Place    | Note
--------------------------------------------------------------
     0 | D:1      | electriceye, the Human Berserker, began the quest for the Orb.
     0 | D:1      | Reached XP level 1. HP: 18/18 MP: 0/0
   116 | D:1      | Reached XP level 2. HP: 18/24 MP: 1/1
   363 | D:1      | Reached skill level 4 in Axes
   363 | D:1      | Reached XP level 3. HP: 27/30 MP: 2/2
   466 | D:1      | Acquired Trog's second power
  1064 | D:2      | Found a white marble altar of Elyvilon.
  1384 | D:2      | Found a blossoming altar of Fedhas.
  1384 | D:2      | Found a radiant altar of Vehumet.
  1480 | D:2      | Reached XP level 4. HP: 33/36 MP: 3/3
  1508 | D:2      | Found a glowing golden altar of the Shining One.
  1925 | D:3      | Found a bloodstained altar of Trog.
  2402 | D:3      | Reached skill level 5 in Axes
  2567 | D:4      | Noticed an ogre
  2573 | D:4      | Killed an ogre
  2573 | D:4      | Reached skill level 6 in Axes
  2573 | D:4      | Reached XP level 5. HP: 41/41 MP: 4/4
  2636 | D:4      | Noticed an ogre
  2648 | D:4      | Killed an ogre
  2648 | D:4      | Reached XP level 6. HP: 43/48 MP: 5/5
  2877 | D:4      | Reached skill level 7 in Axes
  2936 | D:4      | Got a pair of transparent gloves
  2939 | D:4      | Identified the +1 pair of gloves of Liacrimn {Str+2 Acc+5 Dam+3} (You found it on level 4 of the Dungeon)
  3047 | D:4      | Reached XP level 7. HP: 53/53 MP: 6/6
  3053 | D:4      | Found Shriwn's Food Emporium.
  3167 | D:4      | Paralysed by a giant eyeball for 4 turns
  3173 | D:4      | Acquired Trog's third power
  3254 | D:4      | Reached skill level 8 in Axes
  3790 | D:5      | Entered Level 5 of the Dungeon
  3815 | D:5      | Reached skill level 9 in Axes
  3815 | D:5      | Reached XP level 8. HP: 44/60 MP: 7/7
  3989 | D:5      | Found a glowing silver altar of Zin.
  4033 | D:5      | Found a glowing drain.
  4101 | Sewer    | Entered a sewer
  4276 | Sewer    | Reached skill level 10 in Axes
  4948 | D:5      | Noticed Prince Ribbit
  4951 | D:5      | Killed Prince Ribbit
  4951 | D:5      | Reached skill level 11 in Axes
  4951 | D:5      | Reached XP level 9. HP: 65/65 MP: 8/8
  5039 | D:6      | Found a sparkling altar of Nemelex Xobeh.
  5234 | D:6      | Noticed Eustachio
  5268 | D:6      | Killed Eustachio
  5972 | D:6      | Reached skill level 12 in Axes
  5973 | D:6      | Noticed Pikel
  5982 | D:6      | Killed Pikel
  6484 | D:7      | Received a gift from Trog
  6844 | D:7      | Found a bloodstained altar of Trog.
  6893 | D:7      | Reached XP level 10. HP: 66/71 MP: 9/9
  7018 | D:7      | Reached skill level 13 in Axes
  7149 | D:7      | Found a glowing silver altar of Zin.
  7196 | D:7      | Found a staircase to the Ecumenical Temple.
  7360 | D:7      | Found an ancient bone altar of Kikubaaqudgha.
  7543 | D:8      | Noticed Blork the orc
  7564 | D:8      | Killed Blork the orc
  7579 | D:8      | Noticed Maurice
  7590 | D:8      | Killed Maurice
  7762 | D:8      | Reached skill level 14 in Axes
  7795 | D:8      | Noticed Grum
  7797 | D:8      | Reached skill level 5 in Armour
  7810 | D:8      | Killed Grum
  8046 | D:8      | Found a shimmering altar of Xom.
  8100 | D:8      | Found a deep blue altar of Sif Muna.
  8176 | D:8      | Reached XP level 11. HP: 77/77 MP: 10/10
  8229 | D:8      | Noticed Edmund
  8246 | D:8      | Killed Edmund
  8395 | D:9      | Received a gift from Trog
  8912 | D:9      | Reached skill level 15 in Axes
  9257 | D:9      | Found a staircase to the Orcish Mines.
  9317 | D:9      | Found a staircase to the Lair.
  9508 | Lair:1   | Entered Level 1 of the Lair of Beasts
  9527 | Lair:1   | Noticed a six-headed hydra
  9532 | Lair:1   | Killed a seven-headed hydra
  9733 | Lair:1   | Received a gift from Trog
  9931 | Lair:1   | Noticed a five-headed hydra
 10257 | Lair:1   | Killed a five-headed hydra
 10307 | Lair:1   | Noticed an oklob plant
 10388 | Lair:1   | Noticed an oklob plant
 10388 | Lair:1   | Noticed an oklob plant
 10388 | Lair:1   | Noticed an oklob plant
 10475 | Lair:2   | Noticed an ice statue
 10574 | Lair:2   | Noticed Gastronok
 10624 | Lair:2   | Reached XP level 12. HP: 79/83 MP: 11/11
 10857 | Lair:2   | Noticed a seven-headed hydra
 10866 | Lair:2   | Killed a seven-headed hydra
 10872 | Lair:2   | Reached skill level 16 in Axes
 11204 | Lair:2   | Noticed a seven-headed hydra
 11216 | Lair:2   | Killed a seven-headed hydra
 11383 | Lair:2   | Received a gift from Trog
 11629 | Lair:2   | Found an iron altar of Okawaru.
 11780 | Lair:3   | Found a staircase to the Swamp.
 12791 | Lair:4   | Identified a scroll of acquirement
 12860 | Lair:4   | Noticed Fannar
 12875 | Lair:4   | Killed Fannar
 13559 | Lair:4   | Reached skill level 17 in Axes
 14651 | Lair:5   | Reached XP level 13. HP: 79/88 MP: 12/12
 15123 | Lair:6   | Found a hole to the Spider Nest.
 15985 | Lair:6   | Reached skill level 5 in Dodging
 16152 | Lair:7   | Reached skill level 18 in Axes
 16831 | Lair:7   | Received a gift from Trog
 16861 | Lair:7   | Got a jewelled battleaxe {god gift}
 16862 | Lair:7   | Identified the -2,+13 battleaxe "Klymp" {antimagic, rN+} (Trog gifted it to you on level 7 of the Lair of Beasts)
 17598 | Lair:7   | Found a staircase to the Slime Pits.
 17599 | Lair:7   | Found a viscous altar of Jiyva.
 17751 | Lair:8   | Entered Level 8 of the Lair of Beasts
 18446 | Lair:8   | Reached XP level 14. HP: 88/95 MP: 13/13
 18563 | Lair:8   | Reached skill level 19 in Axes
 18964 | Lair:8   | Received a gift from Trog
 20048 | Orc:1    | Entered Level 1 of the Orcish Mines
 20306 | Orc:1    | Received a gift from Trog
 20336 | Orc:1    | Found Qeibb's Assorted Antiques.
 20980 | Orc:2    | Received a gift from Trog
 21121 | Orc:3    | Noticed Josephine
 21130 | Orc:3    | Killed Josephine
 21322 | Orc:3    | Noticed Donald
 21334 | Orc:3    | Found a staircase to the Elven Halls.
 21660 | Orc:4    | Entered Level 4 of the Orcish Mines
 21668 | Orc:4    | Paralysed by an orc sorcerer for 6 turns
 22004 | Orc:4    | Received a gift from Trog
 22268 | Orc:4    | Killed Donald
 25113 | Orc:4    | Found Nolium Odun's Armour Shoppe.
 25152 | Orc:4    | Found Khopeast's Antique Weapon Shop.
 25180 | Orc:4    | Found Brai's Jewellery Shoppe.
 25184 | Orc:4    | Found Cri Chisteic's Antique Armour Shop.
 25194 | Orc:4    | Bought a pair of runed boots for 31 gold pieces
 25207 | Orc:4    | Upgraded the game from 0.13-a0-3104-gb5885e9 to 0.13-a0-3110-gf6e36dc
 25324 | D:9      | Reached XP level 15. HP: 98/103 MP: 4/14
 25348 | D:10     | Entered Level 10 of the Dungeon
 25373 | D:10     | Received a gift from Trog
 25540 | D:10     | Reached skill level 20 in Axes
 27607 | D:12     | Received a gift from Trog
 27610 | D:12     | Got a faintly glowing battleaxe {god gift}
 27621 | D:12     | Identified the +3,+4 battleaxe of the Eight Wonders {holy, MR++ SInv} (Trog gifted it to you on level 12 of the Dungeon)
 27775 | D:12     | Got a transparent wooden ring
 27776 | D:12     | Identified the ring "Daadeg" {AC+1 Str-3 Dex+4} (You found it on level 12 of the Dungeon)
 28872 | D:13     | Reached skill level 21 in Axes
 28896 | D:13     | Received a gift from Trog
 29037 | D:14     | Entered Level 14 of the Dungeon
 29732 | D:15     | Entered Level 15 of the Dungeon
 30012 | D:15     | Reached skill level 10 in Armour
 30817 | D:15     | Found a white marble altar of Elyvilon.
 30996 | D:15     | Found a bloodstained altar of Trog.
 31396 | D:15     | Received a gift from Trog
 31403 | D:15     | Reached XP level 16. HP: 101/109 MP: 15/15
 31650 | D:15     | Noticed Agnes
 31658 | D:15     | Killed Agnes
 32285 | D:15     | Found a staircase to the Vaults.
 33266 | D:16     | Received a gift from Trog
 33842 | D:16     | Got a smoking golden ring
 33843 | D:16     | Identified the ring of Gredismu {Str+2 Int+4} (You found it on level 16 of the Dungeon)
 34612 | D:17     | Noticed Nessos
 34634 | D:18     | Received a gift from Trog
 34657 | D:18     | Shot with a poisoned arrow by a centaur warrior

Action                   |  1- 3 |  4- 6 |  7- 9 | 10-12 | 13-15 | 16-18 || total
-------------------------+-------+-------+-------+-------+-------+-------++-------
Melee: Hand axe          |   179 |   120 |       |       |       |       ||   299
       War axe           |       |    86 |   450 |       |       |       ||   536
       Broad axe         |       |       |    19 |   473 |       |       ||   492
       Battleaxe         |       |       |       |   182 |  1178 |   195 ||  1555
       Executioner's axe |       |       |       |    14 |   164 |   132 ||   310
       Trident           |       |       |       |       |    28 |       ||    28
       Demon whip        |       |       |       |       |     7 |     5 ||    12
Throw: Dart              |     3 |    12 |    13 |     2 |     1 |       ||    31
       Club              |     2 |       |       |       |       |       ||     2
       Stone             |     2 |       |       |       |       |       ||     2
       Spear             |       |     3 |       |       |       |       ||     3
       Javelin           |       |       |       |       |    19 |       ||    19
Invok: Berserk           |       |     3 |       |       |     6 |     1 ||    10
       Brothers in Arms  |       |       |     2 |     7 |     5 |     3 ||    17
       Trog's Hand       |       |       |       |     1 |       |     1 ||     2
 Abil: Evoke Flight      |       |       |       |       |     1 |       ||     1
Evoke: Wand              |       |       |     1 |    19 |    40 |    11 ||    71
  Use: Scroll            |     4 |     4 |    10 |    17 |    17 |     2 ||    54
       Potion            |       |       |     2 |     2 |     6 |     3 ||    13
 Stab: Invisible         |       |       |       |     3 |       |       ||     3
       Distracted        |       |       |       |       |     1 |       ||     1
       Fleeing           |       |       |       |       |     1 |       ||     1
